Map: Void Launch

Players

Wantapoop

  • Race: Terran Terran

Hiro

  • Race: Zerg Zerg

VOD

Have the link to the VOD?

Description

Gameplay of Broodbrother talent and fails

Time

  • Played on: Oct. 25, 2022, 1:27 p.m.
  • Length: 25:49
Show
View Real Time Build Order
Export as new Build Order

Wantapoop Terran 

Build Orders:  

Get SALT Encoding   

  12  0:03  SCV  
  13  0:20  SCV  
  14  0:33  Refinery  
  14  0:37  SCV  
  15  0:56  SCV  
  15  0:58  Engineering Bay  
  16  1:06  Refinery  
  16  1:13  SCV  
  17  1:30  SCV  
  17  1:33  Engineering Bay  
  18  1:47  SCV  
  19  2:03  Muscle Armory  
  19  2:04  SCV  
  20  2:17  ITC-E Triggers  
  20  2:27  SCV  
  21  2:44  SCV  
  22  3:01  SCV, Tychus  
  23  3:18  Command Center  
  23  3:22  SCV  
  24  3:39  SCV  
  25  3:52  Endurance Supplements  
  25  3:56  SCV  
  26  4:13  SCV  
  27  4:30  SCV, Flashforce GDM Visor  
  28  4:47  Gunslingers Hideout, SCV  
  29  5:04  SCV  
  30  5:11  Refinery  
  30  5:15  Command Center  
  30  5:16  SCV  
  30  5:19  Fixers Safehouse  
  31  5:21  SCV  
  32  5:33  SCV  
  32  5:38  SCV  
  34  5:50  SCV  
  34  5:55  SCV  
  36  6:06  Refinery  
  36  6:07  SCV  
  37  6:12  SCV  
  38  6:22  Kev Rattlesnake West  
  38  6:24  SCV  
  38  6:29  SCV  
  50  6:41  SCV  
  50  6:46  SCV  
  52  6:55  Outlaw Weapons Level 1  
  52  6:56  Outlaw Life and Armor Level 1  
  52  6:57  SCV  
  53  7:03  SCV  
  54  7:14  SCV  
  55  7:31  SCV  
  56  7:46  Crooked Sam  
  56  7:48  SCV  
  67  8:22  SCV  
  67  8:29  Auto-Turret  
  68  8:42  Kel-Morian Ripper Rounds  
  68  8:59  LarsCorp G7 Charges  
  68  9:11  Outlaw Life and Armor Level 2  
  68  9:16  Outlaw Weapons Level 2  
  68  9:51  Umojan Signal Modulator  
  68  10:14  Medivac Platform  
  68  11:20  Medivac Platform  
  68  11:24  James Sirius Sykes  
  78  12:00  Outlaw Weapons Level 3  
  78  12:02  Outlaw Life and Armor Level 3  
  78  12:21  SA-55 Thunderbolt Missiles  
  78  12:54  Vanadium Shell  
  78  13:09  Procyon Shade Suit  
  78  14:14  Medivac Platform  
  78  15:10  Nux  
  88  15:53  Moebius M34 Terror Rounds  
  88  16:24  KD9a Implosion Core, Moebius Restraint Matrix  
  88  17:09  Auto-Turret  
  88  17:15  T4 Cloudburst Shells  
  88  17:18  D99 Detonator  
  78  17:38  Auto-Turret  
  88  18:24  Moebius Aggression Blend  
  88  19:25  Ultrasonic Boosters, Crystalline Amplifiers  
  88  21:06  Secret Stash Stimpack  
Show
View Real Time Build Order
Export as new Build Order

Hiro Zerg 

Build Orders:  

Get SALT Encoding   

  18  0:04  Primal Drone  
  19  0:11  Primal Drone  
  19  0:19  Primal Drone  
  21  0:24  Extractor  
  21  0:27  Primal Drone  
  21  0:35  Primal Drone  
  22  0:51  Extractor  
  22  1:02  Primal Drone  
  22  1:04  Unknown  
  23  1:13  Primal Drone  
  24  1:21  Primal Drone  
  27  1:53  Primal Warden  
  27  1:54  Primal Warden  
  27  3:33  Primal Drone  
  27  3:34  Primal Drone  
  27  3:35  Primal Drone x3  
  32  3:45  Primal Attacks Level 1  
  32  3:47  Glevig's Den  
  31  4:18  Primal Hive  
  36  5:00  Primal Drone x2  
  36  5:01  Primal Drone x3  
  37  6:25  Primal Carapace Level 1  
  37  7:55  Primal Roach  
  37  7:59  Primal Drone  
  38  8:00  Primal Drone x4  
  38  8:29  Primal Hydralisk  
  40  8:30  Primal Hydralisk x9  
  40  8:39  Murvar's Den  
  57  8:56  Primal Drone x3  
  60  9:40  Primal Hive  
  60  9:42  Primal Drone  
  60  9:43  Primal Drone x7  
  68  9:56  Extractor  
  68  10:44  Primal Drone x2  
  68  10:45  Primal Drone x2  
  68  10:49  Primal Reconstitution  
  72  10:54  Primal Mutalisk x2  
  72  10:55  Primal Mutalisk x3  
  64  11:23  Primal Hydralisk  
  64  11:24  Primal Hydralisk x9  
  69  11:43  Unknown x2  
  69  11:55  Primal Drone  
  69  11:56  Primal Drone x8  
  69  11:58  Extractor  
  78  12:19  Slicing Glave  
  78  13:01  Primal Drone x4  
  78  13:03  Primal Attacks Level 2, Primal Carapace Level 2  
  78  13:06  Primal Mutalisk  
  78  13:07  Primal Mutalisk x3  
  78  13:08  Primal Mutalisk  
  77  13:13  Primal Hydralisk x4  
  77  13:14  Primal Hydralisk x6  
  77  13:19  Shifting Carapace  
  97  14:43  Primal Mutalisk x4  
  97  14:44  Primal Mutalisk  
  89  15:21  Primal Hydralisk  
  89  15:22  Primal Hydralisk x9  
  106  15:53  Primal Mutalisk  
  106  15:54  Primal Mutalisk x4  
  100  17:37  Primal Hydralisk  
  100  17:38  Primal Hydralisk x9  
  103  18:53  Primal Mutalisk  
  103  18:54  Primal Mutalisk x3  
  103  18:55  Primal Mutalisk  
  92  19:26  Primal Hydralisk x5  
  92  19:27  Primal Hydralisk x5  
  92  19:29  Primal Drone  
  112  19:30  Primal Drone x4  
  112  19:32  Primal Attacks Level 3, Primal Carapace Level 3  
  116  19:43  Primal Warden  
  116  19:48  Primal Warden  
  110  20:10  Unknown  
  110  21:13  Primal Mutalisk  
  110  21:14  Primal Mutalisk x3  
  110  21:15  Primal Mutalisk  
  110  21:17  Primal Hydralisk  
  110  21:18  Primal Hydralisk x6  
  110  21:19  Primal Hydralisk x3  
  125  21:59  Primal Mutalisk x2  
  123  22:00  Primal Mutalisk x3  
  114  22:46  Primal Drone  
  114  22:47  Primal Drone x4  
  111  23:34  Primal Hydralisk  
  111  23:35  Primal Hydralisk x16  
  111  23:36  Primal Hydralisk x3  
  151  24:07  Primal Mutalisk  
  151  24:08  Primal Mutalisk x6  
  151  24:09  Primal Mutalisk x3  
  141  25:27  Primal Hydralisk  
  141  25:28  Primal Hydralisk x10  
  141  25:29  Primal Hydralisk x9  
Tags
 
Commander
DehakaTychus
Matchup
Co-op
Add a new tag
Caveats
  • Supply blocks, unpowered buildings, or Contaminate may cause inaccurate times.
  • Supply counts are checked every 10 seconds.